[Event "Polugaevsky Memorial 2018"]
[Site "Samara"]
[Date "2018.07.10"]
[Round "1"]
[White "Shaposhnikov, Evgeny"]
[Black "Tyurin, Artem"]
[Result "1-0"]
[ECO "A05"]
[WhiteElo "2572"]
[BlackElo "2021"]
[Annotator "ChessBase"]
[PlyCount "99"]
[EventDate "2018.07.10"]
[EventType "swiss"]
[EventCountry "RUS"]
[SourceTitle "playchess.com"]
[Source "ChessBase"]
[SourceQuality "1"]
[TimeControl "40/5400+30:1800+30"]

1. Nf3 Nf6 2. c4 g6 3. d4 Bg7 4. e3 O-O 5. Be2 d6 6. Nc3 Nbd7 7. b3 c5 8. O-O a6 9. Bb2 Qc7 10. Rc1 b6 11. h3 Bb7 12. Qc2 Rac8 13. d5 Rfd8 14. e4 Nh5 15. Rfe1 Nf4 16. Bf1 Ne5 17. Nd2 Qd7 18. Na4 Rb8 19. Nxb6 Qc7 20. Na4 Bc8 21. Re3 Bh6 22. Rd1 f6 23. Nc3 Kh8 24. Ne2 g5 25. Nf3 g4 26. Nxe5 fxe5 27. Nxf4 Bxf4 28. Red3 gxh3 29. g3 Bg5 30. Kh2 Rg8 31. Bxh3 Rg6 32. Rh1 Bxh3 33. Kxh3 Rh6+ 34. Kg2 Rxh1 35. Kxh1 Qd7 36. Kg2 Rf8 37. Qe2 Rf6 38. Qh5 Rg6 39. Rf3 Kg7 40. Rf5 Bf6 41. Bc1 h6 42. Qh3 Qe8 43. Rh5 Qh8 44. Bd2 Bg5 45. Bxg5 Rxg5 46. Rxg5+ hxg5 47. Qxh8+ Kxh8 48. Kf3 Kg7 49. Kg4 Kg6 50. f3 1-0

[Event "Polugaevsky Memorial 2018"]
[Site "Samara"]
[Date "2018.07.10"]
[Round "1"]
[White "Drygalov, Andrey"]
[Black "Salomatin, Anton"]
[Result "1-0"]
[ECO "B52"]
[WhiteElo "2439"]
[BlackElo "1946"]
[Annotator "NA"]
[PlyCount "117"]
[EventDate "2018.07.10"]
[EventType "swiss"]
[EventCountry "RUS"]
[SourceTitle "playchess.com"]
[Source "ChessBase"]
[SourceQuality "1"]
[TimeControl "40/5400+30:1800+30"]

1. e4 c5 2. Nf3 d6 3. Bb5+ Bd7 4. Bxd7+ Qxd7 5. c4 Nc6 6. Nc3 g6 7. d4 cxd4 8. Nxd4 Bg7 9. Be3 Nf6 10. f3 {[%emt 0:00:44] LiveBook: 345 Games} Ne5 {[%emt 0:01:54] B52: Sicilian: Moscow Variation with 3...Bd7} (10... O-O 11. O-O a6 12. Na4 Rab8 13. Nxc6 Qxc6 14. Nb6 Nd7 15. Nxd7 Qxd7 16. Rf2 b5 17. c5 Qa7 18. Rc1 dxc5 19. Bxc5 Qc7 {1-0 (50) Caruana,F (2807)-Kasparov,G (2812) Saint Louis 2017}) 11. b3 O-O 12. O-O Rfd8 13. Qd2 Nc6 14. Rfd1 $146 ({Predecessor:} 14. Rad1 Ne8 15. Nd5 Nxd4 16. Bxd4 Bxd4+ 17. Qxd4 e5 18. Qe3 Kg7 19. f4 exf4 {1-0 (53) Zigura,O (2335)-Ricroque,J (1870) Issy les Moulineaux 1996}) 14... h5 15. Qf2 b6 16. Rac1 Ne5 17. h3 Qb7 18. Qh4 Rac8 19. Nd5 (19. f4 $16 Ned7 20. f5) 19... Nxd5 (19... Re8 $142) 20. exd5 ({Resist} 20. cxd5 $6 Rxc1 21. Bxc1 (21. Rxc1 Rc8 $14) 21... Re8 $14) 20... Bf6 21. Qf2 Kh7 22. f4 Nd7 23. f5 Rg8 24. fxg6+ Rxg6 25. Qf5 Rh8 $16 26. Rc2 Kg7 27. Rf2 Ne5 28. Bf4 h4 29. Bxe5 dxe5 30. Nf3 Qc7 31. Re1 Rhh6 32. Re4 Rg3 33. Nxe5 Rg5 34. Rg4 Rhg6 35. d6 Qxd6 36. Nxg6 Rxf5 37. Nxe7+ Kf8 38. Nxf5 Qc5 39. Rgf4 Bg5 40. Rd4 f6 41. Rd8+ Kf7 42. Rd7+ Kf8 43. Rd5 Qa3 44. Rd1 Qc5 45. Kf1 Qe5 46. Kg1 Qc5 47. Rdf1 a5 48. a4 Qe5 49. Kh1 Qc3 50. Rf3 Qd2 51. g3 hxg3 52. Nxg3 Qd4 53. Ne2 Qe4 54. Nc3 Qc2 55. Nd5 Qe4 56. Nxb6 Be3 57. Nd7+ Kg7 58. Nxf6 Qc6 59. Nd5 1-0

[Event "Polugaevsky Memorial 2018"]
[Site "Samara"]
[Date "2018.07.10"]
[Round "1"]
[White "Lazhevskaya, Zhanni"]
[Black "Fedorov, Alexey A"]
[Result "0-1"]
[ECO "B43"]
[WhiteElo "2029"]
[BlackElo "1399"]
[Annotator "NA"]
[PlyCount "90"]
[EventDate "2018.07.10"]
[EventType "swiss"]
[EventCountry "RUS"]
[SourceTitle "playchess.com"]
[Source "ChessBase"]
[SourceQuality "1"]
[TimeControl "40/5400+30:1800+30"]

1. e4 c5 2. Nf3 e6 3. d4 cxd4 4. Nxd4 a6 5. Nc3 Qc7 6. g3 Nf6 7. Bg2 Nc6 8. O-O h5 {[%emt 0:00:27] B47: Sicilian: Taimanov: 5 Nc3 Qc7 6 f4, 6 g3 and 6 Be2} 9. Nxc6 {[%emt 0:10:06] LiveBook: 22 Games} dxc6 10. Bg5 Be7 11. Qd2 $146 ({Predecessor:} 11. Qe2 e5 12. a4 a5 13. Kh1 b6 14. Nd1 Ba6 15. c4 Ng4 16. Bxe7 Qxe7 {½-½ (44) Gu,X (2332)-Bruzon Batista,L (2661) Paramaribo 2017}) 11... e5 12. Rad1 Bg4 13. f3 Be6 14. Qf2 Ng4 15. Qd2 f6 16. fxg4 fxg5 17. gxh5 Rxh5 18. Qf2 $17 g4 19. Na4 Qa5 20. b3 Rh8 21. Kh1 Rf8 22. Qe3 Rd8 23. Rd3 Rxd3 24. Qxd3 b5 25. Qc3 Qxc3 26. Nxc3 Rh8 27. Rd1 Bc5 28. Bf1 Ke7 29. Bd3 a5 30. a4 Bd4 31. Ne2 bxa4 32. Nxd4 exd4 33. bxa4 Rb8 34. Be2 Rb4 35. Ra1 Rb2 36. Bd1 Kd6 37. Kg1 Ke5 38. Kf2 c5 39. Ke2 Kxe4 40. Kd2 c4 41. Be2 d3 42. Bxd3+ cxd3 43. Re1+ Kd5 44. Kxd3 Bf5+ 45. Ke3 Bxc2 {[%emt 0:00:48] Kd4+ Ke5+} 0-1

[Event "Polugaevsky Memorial 2018"]
[Site "Samara"]
[Date "2018.07.10"]
[Round "1"]
[White "Mochalin, Faddey"]
[Black "Frolyanov, Dmitry"]
[Result "0-1"]
[ECO "A20"]
[WhiteElo "2012"]
[BlackElo "2540"]
[Annotator "ChessBase"]
[PlyCount "105"]
[EventDate "2018.07.10"]
[EventType "swiss"]
[EventCountry "RUS"]
[SourceTitle "playchess.com"]
[Source "ChessBase"]
[SourceQuality "1"]
[TimeControl "40/5400+30:1800+30"]

1. c4 e5 2. g3 Nf6 3. Bg2 d5 4. cxd5 Nxd5 5. Nf3 Nc6 6. O-O Nb6 7. Nc3 Be7 8. d4 exd4 9. Nb5 Bf6 10. Bf4 Nd5 11. Bg5 Bxg5 12. Nxg5 Nde7 13. Qa4 O-O 14. Rfd1 Nf5 15. Nf3 Qe7 16. Qa3 Qxa3 17. bxa3 Rb8 18. Nxc7 Rd8 19. Rac1 Bd7 20. Nd2 Rbc8 21. Nd5 Be6 22. Nb4 Na5 23. Kf1 Nd6 24. Ke1 Nb5 25. Nb1 Re8 26. Bf3 Bf5 27. a4 Nd6 28. Na3 Rxc1 29. Rxc1 d3 30. Rd1 Be4 31. Bxe4 Rxe4 32. Rxd3 Rxb4 33. Rxd6 g6 34. Rd3 Rxa4 35. Kd1 a6 36. Kc2 b5 37. Kb2 Kg7 38. h4 Rb4+ 39. Kc3 Re4 40. Kd2 Ra4 41. Kc1 Nc6 42. Kb2 Ne5 43. Rd5 Ng4 44. f3 Ne3 45. Rc5 Nf5 46. g4 Nxh4 47. Kb3 Ng2 48. Nc2 Nf4 49. e4 Nd3 50. Rc6 Nc1+ 51. Kb2 Nxa2 52. Rd6 Nb4 53. Ne1 0-1

[Event "Polugaevsky Memorial 2018"]
[Site "Samara"]
[Date "2018.07.10"]
[Round "1"]
[White "Maneluk, Daniil"]
[Black "Iljushin, Alexei"]
[Result "1/2-1/2"]
[ECO "B13"]
[WhiteElo "2000"]
[BlackElo "2514"]
[Annotator "RC"]
[PlyCount "80"]
[EventDate "2018.07.10"]
[EventType "swiss"]
[EventCountry "RUS"]
[SourceTitle "playchess.com"]
[Source "ChessBase"]
[SourceQuality "1"]
[TimeControl "40/5400+30:1800+30"]

1. e4 c6 2. d4 d5 3. exd5 cxd5 4. Bd3 Nc6 5. c3 g6 6. Bf4 Bf5 7. Na3 e6 8. Nc2 Bd6 9. Bxd6 Qxd6 10. Nf3 Nf6 11. O-O h5 12. Re1 Be4 13. Ne5 Nxe5 14. dxe5 Qxe5 15. f3 Ng4 16. fxg4 hxg4 17. h3 gxh3 18. Bxe4 dxe4 19. Qd4 Qxd4+ 20. Nxd4 hxg2 21. Kxg2 Rh4 22. Kg3 g5 23. Rh1 Rxh1 24. Rxh1 Ke7 25. Kg4 Rg8 26. Re1 f5+ 27. Nxf5+ exf5+ 28. Kxf5 Rf8+ 29. Kxg5 Rf2 30. Rxe4+ Kd6 31. Rb4 b6 32. a4 Kc5 33. b3 a6 34. Rc4+ Kd5 35. Rb4 Kc5 36. Rc4+ Kd5 37. Rb4 Kc5 38. Rc4+ Kd5 39. Rb4 Kc5 40. Rc4+ Kd5 1/2-1/2

[Event "Polugaevsky Memorial 2018"]
[Site "Samara"]
[Date "2018.07.10"]
[Round "1"]
[White "Kovaleva, Ekaterina"]
[Black "Gaifullin, Artur"]
[Result "0-1"]
[ECO "B14"]
[WhiteElo "1947"]
[BlackElo "2448"]
[Annotator "NA"]
[PlyCount "105"]
[EventDate "2018.07.10"]
[EventType "swiss"]
[EventCountry "RUS"]
[SourceTitle "playchess.com"]
[Source "ChessBase"]
[SourceQuality "1"]
[TimeControl "40/5400+30:1800+30"]

1. e4 c6 2. d4 d5 3. exd5 cxd5 4. c4 Nf6 5. Nc3 g6 6. c5 Bg7 7. Nf3 O-O 8. Be2 Nc6 9. Bf4 {[%emt 0:01:39] LiveBook: 5 Games} Ne4 10. O-O Bg4 11. Ng5 {[%emt 0:16:00] D94: Grünfeld: 4 Nf3 Bg7 5 e3} (11. Rc1 Rc8 12. h3 Bxf3 13. Bxf3 Nxd4 14. Nxe4 Nxf3+ 15. Qxf3 dxe4 16. Qxe4 Qd4 17. Qxd4 Bxd4 18. b4 e5 {½-½ (31) Kashlinskaya,A (2444)-Papp,P (2285) Moscow 2015}) 11... Bxe2 12. Nxe2 e5 13. Nxe4 exf4 $146 ({Predecessor:} 13... dxe4 14. dxe5 Nxe5 15. Qc2 Qd3 16. Rac1 Rfd8 17. Nc3 Qxc2 18. Rxc2 f5 19. Nb5 a6 20. Nd6 Nd3 21. Bd2 Nxc5 22. Nc4 Nd7 23. Nd6 b6 24. Rfc1 Ne5 25. Nb7 Rd7 {0-1 (25) Wanke,R-Voigt,M (2235) Hamburg 1990}) 14. N4c3 {[%emt 0:05:03] [#]} (14. Nd6 $15) 14... f3 $1 15. gxf3 Qh4 16. f4 Qg4+ 17. Kh1 Qf3+ 18. Kg1 Rad8 19. Qd2 Rfe8 20. Rad1 Qg4+ 21. Kh1 h5 ({Black should play} 21... b6 $11 22. cxb6 axb6) 22. Qd3 (22. Rg1 $5 Qf3+ 23. Rg2 $11) 22... Nb4 23. Qg3 Nxa2 24. Qxg4 hxg4 25. f3 gxf3 26. Rxf3 $11 f5 27. Rd2 Nb4 28. Kg2 a6 29. Kf2 Nc6 30. Re3 Rxe3 31. Kxe3 Kf7 32. Kf3 Bf6 33. Nd1 Rh8 34. Kg2 Re8 35. Kf3 Rh8 36. Kg2 Ke6 37. Ndc3 Nb4 38. Ng1 Rh4 39. Nce2 g5 40. fxg5 Bxg5 41. Rd1 Nc2 42. Kh1 Re4 43. Nf3 Rxe2 44. Nxg5+ Kf6 45. Nf3 f4 46. Kg1 Kf5 47. Kf1 Re3 48. Kf2 Rb3 49. Rd2 Rxb2 50. Re2 Ne3 51. Nd2 a5 52. Kf3 a4 53. Nb1 {[%emt 0:00:32] Ke5} 0-1

[Event "Polugaevsky Memorial 2018"]
[Site "Samara"]
[Date "2018.07.12"]
[Round "3"]
[White "Matinian, Nikita"]
[Black "Kotlyar, Kirill"]
[Result "1-0"]
[ECO "B12"]
[WhiteElo "2510"]
[BlackElo "2407"]
[Annotator "RC"]
[PlyCount "41"]
[EventDate "2018.07.10"]
[EventType "swiss"]
[EventCountry "RUS"]
[SourceTitle "playchess.com"]
[Source "ChessBase"]
[SourceQuality "1"]
[TimeControl "40/5400+30:1800+30"]

1. e4 c6 2. d4 d5 3. e5 Bf5 4. Nd2 h6 5. Nb3 e6 6. Nf3 Nd7 7. Be2 Ne7 8. O-O g5 9. Ne1 Qc7 10. Nd3 Bg7 11. a4 a6 12. f4 Bxd3 13. Qxd3 c5 14. Bh5 cxd4 15. Nxd4 gxf4 16. Bxf4 Rf8 17. Qh7 Bh8 18. Bxh6 O-O-O 19. Bxf8 Rxf8 20. Rxf7 Rxf7 21. Qxf7 1-0

[Event "Polugaevsky Memorial 2018"]
[Site "Samara"]
[Date "2018.07.12"]
[Round "3"]
[White "Kopylov, Alexander A"]
[Black "Fedorov, Alexey A"]
[Result "1/2-1/2"]
[ECO "E70"]
[WhiteElo "2431"]
[BlackElo "1399"]
[Annotator "NA"]
[PlyCount "107"]
[EventDate "2018.07.10"]
[EventType "swiss"]
[EventCountry "RUS"]
[SourceTitle "playchess.com"]
[Source "ChessBase"]
[SourceQuality "1"]
[TimeControl "40/5400+30:1800+30"]

1. d4 Nf6 2. c4 g6 3. Nc3 Bg7 4. e4 d6 5. Bd3 c5 6. d5 e6 7. h3 O-O 8. Nge2 exd5 9. exd5 Nfd7 10. f4 {[%emt 0:04:06] LiveBook: 23 Games} Re8 11. O-O f5 12. Bd2 Na6 13. a3 Nc7 14. Qc2 a6 15. a4 b6 $11 16. Rae1 Nf6 17. Ng3 Bd7 18. Rxe8+ Nfxe8 19. Nge2 Rb8 20. b3 b5 21. Rf3 Qc8 22. Rf1 Nf6 23. Ng3 Qb7 24. Rb1 Re8 25. Re1 Qb8 26. Kf1 Rxe1+ 27. Bxe1 Kf8 28. Qa2 b4 29. Nd1 a5 30. Qc2 Qe8 31. Qe2 Qxe2+ 32. Kxe2 Na8 33. Bc2 Nb6 34. Ne3 Ne8 35. Ngf1 Nc7 36. Bh4 Ke8 37. g4 fxg4 38. hxg4 Nca8 39. Nd2 Bd4 40. Ne4 Nc8 41. f5 Nab6 42. Nf6+ Bxf6 43. Bxf6 Ne7 44. Kf3 gxf5 45. gxf5 Ng8 46. Bh4 Nc8 47. Kf4 Nce7 48. Nf1 Nh6 49. Ng3 Kf8 50. Bg5 Nf7 51. Bf6 Nh6 52. Bg5 Nf7 53. Bf6 Nh6 54. Bg5 1/2-1/2

[Event "Polugaevsky Memorial 2018"]
[Site "Samara"]
[Date "2018.07.12"]
[Round "3"]
[White "Lugovskoy, Maxim"]
[Black "Frolyanov, Dmitry"]
[Result "1/2-1/2"]
[ECO "B22"]
[WhiteElo "2391"]
[BlackElo "2540"]
[Annotator "RC"]
[PlyCount "109"]
[EventDate "2018.07.10"]
[EventType "swiss"]
[EventCountry "RUS"]
[SourceTitle "playchess.com"]
[Source "ChessBase"]
[SourceQuality "1"]
[TimeControl "40/5400+30:1800+30"]

1. e4 c5 2. c3 Nf6 3. e5 Nd5 4. d4 cxd4 5. cxd4 d6 6. Nf3 Nc6 7. Bc4 Nb6 8. Bb3 dxe5 9. d5 Na5 10. Nc3 f6 11. Be3 Bd7 12. Bc2 g6 13. h4 Bg4 14. Qb1 Bxf3 15. gxf3 f5 16. h5 Bg7 17. hxg6 hxg6 18. Rxh8+ Bxh8 19. Bxf5 gxf5 20. Qxf5 Bf6 21. O-O-O Qc8 22. Qg6+ Kd7 23. d6 Qc4 24. Qf5+ Ke8 25. Kb1 Nc6 26. Ne4 Nb4 27. Qh5+ Qf7 28. dxe7 Qxh5 29. Nxf6+ Kxe7 30. Nxh5 N4d5 31. Bc5+ Ke6 32. Ng3 Nd7 33. Ne4 b6 34. Ba3 N7f6 35. Re1 Rg8 36. b3 Rg2 37. Nxf6 Kxf6 38. Bb2 Rxf2 39. f4 Nxf4 40. Bxe5+ Kf7 41. Bxf4 Rxf4 42. Kb2 a5 43. Kc3 Rf2 44. a3 b5 45. Re5 Rf3+ 46. Kb2 Rf2+ 47. Kb1 Rf1+ 48. Kc2 Rf2+ 49. Kc1 Rf1+ 50. Kd2 Ra1 51. Rxb5 Rxa3 52. Kc2 a4 53. Kb2 Rxb3+ 54. Rxb3 axb3 55. Kxb3 1/2-1/2

[Event "Polugaevsky Memorial 2018"]
[Site "Samara"]
[Date "2018.07.12"]
[Round "3"]
[White "Postnikov, Daniil"]
[Black "Burmakin, Vladimir"]
[Result "0-1"]
[ECO "B01"]
[WhiteElo "2370"]
[BlackElo "2490"]
[Annotator "ChessBase"]
[PlyCount "128"]
[EventDate "2018.07.10"]
[EventType "swiss"]
[EventCountry "RUS"]
[SourceTitle "playchess.com"]
[Source "ChessBase"]
[SourceQuality "1"]
[TimeControl "40/5400+30:1800+30"]

1. e4 d5 2. exd5 Qxd5 3. Nc3 Qd6 4. d4 Nf6 5. Nf3 c6 6. Bc4 Be6 7. Bb3 Bxb3 8. axb3 e6 9. Ne5 Be7 10. O-O O-O 11. Bf4 Qd8 12. Qf3 Nbd7 13. Rfd1 Nd5 14. Nxd5 exd5 15. Qg3 Nf6 16. Bh6 Ne8 17. Rd3 f6 18. Nf3 Kh8 19. Bf4 g5 20. Bd2 Qd7 21. h3 Bd6 22. Qg4 Qf7 23. Nh2 Ng7 24. f4 Qc7 25. b4 Rae8 26. Nf1 gxf4 27. Rf3 Ne6 28. c3 Rg8 29. Qf5 Qg7 30. Rf2 Ng5 31. Nh2 Ne4 32. Ng4 Nxf2 33. Kxf2 Bb8 34. Qxf6 h5 35. Qxg7+ Rxg7 36. Nh2 Rge7 37. Nf3 Kh7 38. Rd1 Kg6 39. Kf1 Bc7 40. Ra1 a6 41. Rd1 Kf5 42. Nh4+ Kf6 43. Nf3 Ra8 44. Be1 Ree8 45. Bd2 a5 46. bxa5 Rxa5 47. Ne1 Ra2 48. Nd3 Kf5 49. Kf2 Rg8 50. Bc1 Bd6 51. Ne1 Ra1 52. Nf3 Rga8 53. Ke2 Re8+ 54. Kf2 b6 55. Nh4+ Kf6 56. Nf3 c5 57. Kf1 Kf7 58. Ng5+ Kg8 59. Nf3 c4 60. Kf2 b5 61. Rf1 Ra2 62. Rd1 b4 63. Kf1 bxc3 64. bxc3 Ra1 0-1

[Event "Polugaevsky Memorial 2018"]
[Site "Samara"]
[Date "2018.07.13"]
[Round "4"]
[White "Iljushin, Alexei"]
[Black "Mukhin, Alexander"]
[Result "0-1"]
[ECO "E06"]
[WhiteElo "2514"]
[BlackElo "2167"]
[Annotator "RC"]
[PlyCount "126"]
[EventDate "2018.07.10"]
[EventType "swiss"]
[EventCountry "RUS"]
[SourceTitle "playchess.com"]
[Source "ChessBase"]
[SourceQuality "1"]
[TimeControl "40/5400+30:1800+30"]

1. d4 Nf6 2. c4 e6 3. g3 d5 4. Bg2 Be7 5. Nf3 O-O 6. O-O c5 7. cxd5 Nxd5 8. e4 Nf6 9. e5 Nd5 10. a3 a5 11. dxc5 Bxc5 12. Ng5 Be7 13. Qh5 Bxg5 14. Bxg5 Qc7 15. Re1 Nc6 16. Nc3 Nxc3 17. bxc3 Ne7 18. Rad1 Ng6 19. h4 a4 20. Qe2 Ra5 21. Qd2 Rxe5 22. h5 Rxe1+ 23. Rxe1 Ne7 24. h6 Rd8 25. Qb2 f6 26. Be3 Nd5 27. Bd4 e5 28. c4 Qxc4 29. Bxe5 fxe5 30. Qxe5 Nf6 31. hxg7 Qf7 32. Qa5 Re8 33. Rc1 Qd7 34. Bf3 Qd3 35. Rc3 Qd2 36. Qc5 Qh6 37. Re3 Qg6 38. Re5 b6 39. Rxe8+ Qxe8 40. Qxb6 Kxg7 41. Qd4 Bd7 42. Qc3 Qe6 43. Ba8 Qe7 44. Bf3 h6 45. Ba8 Qd6 46. Bf3 Be6 47. Qc1 Bb3 48. Be2 Qe5 49. Bf3 Bd5 50. Bxd5 Qxd5 51. Qc7+ Kg6 52. Qc2+ Qe4 53. Qc1 Nd7 54. Qc8 Qe1+ 55. Kg2 Nf6 56. g4 Qd2 57. Kg3 Qd6+ 58. f4 Qxa3+ 59. Kh4 Qa2 60. f5+ Kg7 61. Qb7+ Qf7 62. Qb4 Qa7 63. Qd2 Qg1 0-1

[Event "Polugaevsky Memorial 2018"]
[Site "Samara"]
[Date "2018.07.13"]
[Round "4"]
[White "Karpenko, Artem"]
[Black "Kulaev, Maxim"]
[Result "0-1"]
[ECO "A61"]
[WhiteElo "2383"]
[BlackElo "2075"]
[Annotator "NA"]
[PlyCount "102"]
[EventDate "2018.07.10"]
[EventType "swiss"]
[EventCountry "RUS"]
[SourceTitle "playchess.com"]
[Source "ChessBase"]
[SourceQuality "1"]
[TimeControl "40/5400+30:1800+30"]

1. d4 Nf6 2. c4 c5 3. d5 e6 4. Nc3 exd5 5. cxd5 d6 6. Nf3 g6 7. Nd2 Bg7 8. Nc4 O-O 9. Bg5 h6 10. Bf4 Ne8 {[%emt 0:02:30] A61: Modern Benoni: Nf3 without early e4} 11. h4 (11. Qd2 g5 12. Bg3 Bxc3 13. Qxc3 f5 14. h4 f4 15. Bh2 b5 16. Nd2 g4 17. e3 Nc7 18. Bxf4 Nxd5 {½-½ (34) Koegler,K (2557)-Mueller,G (2603) ICCF email 2008}) 11... b6 12. a4 f5 $146 ({Predecessor:} 12... Ba6 13. Nb5 Nd7 14. Qd2 Bxb5 15. axb5 Kh7 16. e4 Qe7 17. Bd3 f5 18. O-O fxe4 {1-0 (32) Shabalov,A (2501)-Hilby,C (2181) Philadelphia 2014}) 13. Qd2 Kh7 14. Nb5 Rf6 (14... Nd7 $14) 15. Bg5 a6 16. Bxf6 Bxf6 17. Nc3 Ra7 18. h5 g5 19. e3 Nd7 20. Qc2 Ne5 21. Nxe5 Bxe5 22. Bd3 Ng7 23. g4 Qf8 24. gxf5 Nxf5 25. O-O-O Kh8 26. Ne2 Bg7 27. Rdf1 $11 b5 28. Ng3 Ne7 29. f4 g4 30. e4 bxa4 31. Bc4 Rb7 32. e5 Nf5 33. Nxf5 Bxf5 34. Qc3 Be4 35. Rh2 Qf5 36. Qg3 Rb4 37. Be2 Bf3 38. Bxf3 Qd3 39. Rff2 gxf3 40. Qg6 Rc4+ 41. Rc2 Rxc2+ 42. Rxc2 Qf1+ 43. Kd2 Qe2+ 44. Kc3 Qe3+ 45. Qd3 Qxf4 46. Rd2 Qxe5+ 47. Kc2 Qxb2+ 48. Kd1 Qa1+ 49. Kc2 f2 50. Rxf2 Qb2+ 51. Kd1 Qxf2 0-1

[Event "Polugaevsky Memorial 2018"]
[Site "Samara"]
[Date "2018.07.13"]
[Round "4"]
[White "Demianjuk, Alexander"]
[Black "Fakhrutdinov, Timur"]
[Result "1-0"]
[ECO "A40"]
[WhiteElo "2348"]
[BlackElo "2460"]
[Annotator "RC"]
[PlyCount "53"]
[EventDate "2018.07.10"]
[EventType "swiss"]
[EventCountry "RUS"]
[SourceTitle "playchess.com"]
[Source "ChessBase"]
[SourceQuality "1"]
[TimeControl "40/5400+30:1800+30"]

1. d4 Nf6 2. c4 e6 3. g3 Bb4+ 4. Bd2 Be7 5. Bg2 d5 6. cxd5 exd5 7. Nc3 O-O 8. Nh3 c6 9. O-O Ne8 10. Nf4 Nd6 11. b3 Nd7 12. Bc1 Nf6 13. Bb2 h5 14. f3 Nf5 15. Qd3 c5 16. Bh3 g6 17. dxc5 Bxc5+ 18. Kh1 Be6 19. Rad1 Qe7 20. Na4 b6 21. Nxc5 bxc5 22. e4 dxe4 23. Qc3 Nd4 24. Bxe6 exf3 25. Bc4 Qb7 26. Rxd4 cxd4 27. Qxd4 1-0

[Event "Polugaevsky Memorial 2018"]
[Site "Samara"]
[Date "2018.07.13"]
[Round "4"]
[White "Sidorov, Anatoly"]
[Black "Matinian, Nikita"]
[Result "1-0"]
[ECO "A04"]
[WhiteElo "2302"]
[BlackElo "2510"]
[Annotator "ChessBase"]
[PlyCount "63"]
[EventDate "2018.07.10"]
[EventType "swiss"]
[EventCountry "RUS"]
[SourceTitle "playchess.com"]
[Source "ChessBase"]
[SourceQuality "1"]
[TimeControl "40/5400+30:1800+30"]

1. Nf3 g6 2. g3 Bg7 3. d4 Nf6 4. Bg2 O-O 5. O-O d6 6. b3 Nc6 7. Bb2 e5 8. dxe5 Ng4 9. Qc1 dxe5 10. h3 Nh6 11. Rd1 Bd7 12. Nbd2 Qc8 13. Kh2 f5 14. Ng5 Qe8 15. Nc4 Rd8 16. Ba3 Rf6 17. Ne3 Nf7 18. Nd5 Nxg5 19. Qxg5 Qf7 20. Nxf6+ Bxf6 21. Qc1 e4 22. Bb2 Ne5 23. f4 exf3 24. exf3 Qg7 25. Rb1 f4 26. Qxf4 g5 27. Qc1 Qh6 28. f4 Ng4+ 29. Kg1 Bxb2 30. Bd5+ Kf8 31. Qxb2 Nf6 32. Qa3+ 1-0

[Event "Polugaevsky Memorial 2018"]
[Site "Samara"]
[Date "2018.07.13"]
[Round "4"]
[White "Skatchkov, Valery"]
[Black "Drygalov, Andrey"]
[Result "1/2-1/2"]
[ECO "D70"]
[WhiteElo "2287"]
[BlackElo "2439"]
[Annotator "NA"]
[PlyCount "81"]
[EventDate "2018.07.10"]
[EventType "swiss"]
[EventCountry "RUS"]
[SourceTitle "playchess.com"]
[Source "ChessBase"]
[SourceQuality "1"]
[TimeControl "40/5400+30:1800+30"]

1. d4 Nf6 2. c4 g6 3. Nf3 Bg7 4. g3 c6 5. Nc3 d5 6. cxd5 cxd5 7. Bg2 O-O 8. O-O e6 9. Ne5 Nfd7 10. Nxd7 Qxd7 {[%emt 0:03:20] D79: Fianchetto Grünfeld: Symmetrical Variation (6 0-0 c6 7 cxd5 cxd5)} (10... Bxd7 11. b3 Nc6 12. e3 Qa5 13. Bd2 Qa6 14. Qb1 Rac8 15. Rd1 Rfd8 16. a3 b6 17. b4 Ne7 18. b5 Qb7 19. Qd3 Nf5 20. a4 Be8 21. Na2 Nd6 22. Rac1 Rxc1 {½-½ (22) Tikkanen,H (2586)-L'Ami,E (2594) Stockholm 2012}) 11. e3 Nc6 12. b3 b6 13. Ba3 Rd8 14. Qe2 a5 $146 ({Predecessor:} 14... Bb7 15. Rac1 Rac8 16. Rfd1 Nb8 17. Qd2 Ba6 18. Ne2 Rc6 {½-½ (18) Schenderowitsch,M (2286)-Mueller,R (2412) Germany 2013}) 15. Rfd1 Ba6 16. Qe1 Nb4 17. Bxb4 axb4 18. Na4 Qd6 19. Bf1 Bb7 20. Rac1 Bc6 21. Nxb6 Rxa2 22. Rd2 Ra3 23. Qd1 Rb8 24. Na4 Bf8 25. Nc5 Rba8 26. Rdc2 Be8 27. h4 Qb6 $11 28. h5 Qa7 29. Bh3 Qb6 30. Kh2 Ra2 31. Rxa2 Rxa2 32. Nd3 Bb5 33. Kg2 Bxd3 34. Qxd3 Qa6 35. Qxa6 Rxa6 36. hxg6 hxg6 37. Bg4 Ra2 38. Kf1 Rb2 39. Bd1 Ra2 40. Rc2 Rxc2 41. Bxc2 1/2-1/2

[Event "Polugaevsky Memorial 2018"]
[Site "Samara"]
[Date "2018.07.13"]
[Round "4"]
[White "Gitelson, Arkady"]
[Black "Lugovskoy, Maxim"]
[Result "1/2-1/2"]
[ECO "C17"]
[WhiteElo "2099"]
[BlackElo "2391"]
[Annotator "NA"]
[PlyCount "130"]
[EventDate "2018.07.10"]
[EventType "swiss"]
[EventCountry "RUS"]
[SourceTitle "playchess.com"]
[Source "ChessBase"]
[SourceQuality "1"]
[TimeControl "40/5400+30:1800+30"]

1. e4 e6 2. d4 d5 3. Nc3 Bb4 4. e5 c5 5. dxc5 Nc6 6. Nf3 {[%emt 0:00:51] C17: French: 3 Nc3 Bb4 4 e5 c5 sidelines} Nh6 (6... Nge7 7. Bd3 Ng6 8. O-O O-O 9. Bg5 Qa5 10. Bd2 Qxc5 11. a3 Bxc3 12. Bxc3 Qe7 13. Re1 Rd8 14. Bd4 b6 15. c3 Bb7 {½-½ (66) Hovhannisyan,R (2631)-Martirosyan,H (2516) Yerevan 2017}) 7. Bd3 Ng4 8. O-O Ngxe5 9. Nxe5 Nxe5 10. Bf4 Bxc3 11. bxc3 Qf6 (11... Nxd3 $11 {hält das Gleichgewicht.} 12. cxd3 O-O) 12. Bb5+ Bd7 13. Bxd7+ $146 ({White should try Predecessor:} 13. Bxe5 $1 $16 Qxe5 14. Bxd7+ Kxd7 15. Rb1 Rab8 {1-0 (36) Grabliauskas,V (2442)-Kroll,O (2456) ICCF email 2002}) 13... Nxd7 14. Bd6 Qxc3 15. Qe2 a6 16. Rad1 Qc4 17. Qe3 Nf6 {[%emt 0:02:17] [#]} 18. Rd4 $1 Qxc2 {[%emt 0:05:51] [#]} ({But not} 18... Qxa2 $2 19. Rb4 $18) (18... Qb5 $16 {was called for.}) 19. Rb4 $1 d4 $18 20. Qxd4 O-O-O 21. Rc4 e5 22. Qh4 Qf5 23. Qg3 Qd7 24. Rb1 Nd5 25. Qxe5 Qc6 26. Qf5+ Rd7 27. Rd4 Nc3 28. Re1 Nb5 29. Rd3 g6 30. Qh3 f5 31. Qg3 Rhd8 32. h4 Nxd6 33. cxd6 Kb8 34. Red1 Qa4 35. a3 Re8 36. Rc1 Qg4 37. Qxg4 fxg4 38. Rc4 h5 39. Kh2 Re6 40. Rcd4 b6 41. Rd1 Kb7 42. R4d2 b5 43. Kg3 Kc6 44. Rc2+ Kb6 45. Rcd2 Re4 46. Rd3 Kc6 47. Rc1+ Rc4 48. Rcd1 Rc2 49. f3 Rc4 50. R1d2 gxf3 51. gxf3 Kb6 52. Re2 Kc6 53. Re6 Rc1 54. Kf4 Rf7+ 55. Kg5 Kd7 56. Rxg6 Rc4 57. Kxh5 Rh7+ 58. Kg5 Rcxh4 59. Kf5 Rf7+ 60. Rf6 Rf4+ 61. Kxf4 Rxf6+ 62. Ke5 Re6+ 63. Kf5 Rxd6 64. Rxd6+ Kxd6 65. Ke4 a5 1/2-1/2

[Event "Polugaevsky Memorial 2018"]
[Site "Samara"]
[Date "2018.07.13"]
[Round "5"]
[White "Volovich, Vasily"]
[Black "Fedorov, Alexei"]
[Result "0-1"]
[ECO "B22"]
[WhiteElo "2244"]
[BlackElo "2572"]
[Annotator "ChessBase"]
[PlyCount "90"]
[EventDate "2018.07.10"]
[EventType "swiss"]
[EventCountry "RUS"]
[SourceTitle "playchess.com"]
[Source "ChessBase"]
[SourceQuality "1"]
[TimeControl "40/5400+30:1800+30"]

1. e4 c5 2. c3 Nf6 3. e5 Nd5 4. Nf3 e6 5. d4 cxd4 6. cxd4 b6 7. a3 Be7 8. Bd3 Ba6 9. Nc3 Nxc3 10. bxc3 Bxd3 11. Qxd3 d5 12. exd6 Qxd6 13. O-O Nc6 14. Bg5 Bxg5 15. Nxg5 h6 16. Nf3 O-O 17. Rfd1 Rfd8 18. c4 Rac8 19. Qe2 Na5 20. d5 Nxc4 21. dxe6 Qxe6 22. Rxd8+ Rxd8 23. Qxe6 fxe6 24. Kf1 b5 25. Ke2 a5 26. Ra2 Rd5 27. h4 Kf7 28. g3 e5 29. Ne1 e4 30. f3 Rd4 31. fxe4 Rxe4+ 32. Kf2 Ke6 33. Nf3 Kd5 34. Ra1 Re3 35. a4 b4 36. Rd1+ Kc5 37. Rd8 Rxf3+ 38. Kxf3 b3 39. Rc8+ Kd4 40. Ke2 b2 41. Rb8 Kc3 42. Kd1 Ne3+ 43. Ke2 Nd5 44. Rc8+ Kb3 45. Rb8+ Nb4 0-1